Atomiques vs Rafales
Created - 15 avril 2016 at 19:27
Goals
|
| Atomiques |
0 |
4 |
3 |
7 |
| Rafales |
1 |
4 |
0 |
5 |
|
Shots
|
| Atomiques |
10 |
9 |
12 |
31 |
| Rafales |
16 |
16 |
11 |
43 |
|
1st period
1. Rafales , Cody McLeod 55 (Bruno Gervais) at 13:54 (SH)
Penalties :
Milan Bartovic (Stf) for Interference (Minor) at 13:42, Shawn Belle (STB) for Boarding (Major) at 19:02
2nd period
2. Rafales , Cody McLeod 56 (Willie Mitchell, Dan Fritsche) at 0:08 (PP)
3. Atomiques , Alexander Sulzer 7 (Tyler Kennedy) at 6:10 (SH)
4. Rafales , Milan Bartovic 25 (Dan Fritsche) at 6:29 (PP)
5. Rafales , Tim Crowder 14 (Mike Sislo, Willie Mitchell) at 8:56
6. Rafales , Jeff Skinner 17 (Jonathan Rheault, Bruno Gervais) at 10:09
7. Atomiques , Shawn Belle 6 (John McCarthy) at 16:10
8. Atomiques , Brett Sutter 15 (Alex Berry, Scott Jackson) at 18:26
9. Atomiques , Nick Johnson 21 (Kenndal McArdle, Alexander Sulzer) at 19:22 (PP)
Penalties :
Brett Sutter (STB) for Roughing (Minor) at 6:02, Dan Fritsche (Stf) for Holding (Minor) at 13:48, Dan Fritsche (Stf) for Holding (Minor) at 18:45
3rd period
10. Atomiques , Alex Berry 15 (Brett Sutter, Clayton Stoner) at 5:53
11. Atomiques , Davis Drewiske 1 (Brad Winchester) at 10:09
12. Atomiques , Brett Sutter 16 (Andrew Kozek, Alexander Sulzer) at 18:36
Penalties :
Kevin Veilleux (Stf) for Tripping (Minor) at 1:02, Tyler Brenner (STB) for Hooking (Minor) at 1:08
Goalie Stats
Sergei Bobrovsky (STB), 38 saves from 43 shots - (0,884), W, 15-12-3, 60:00 minutes
Loïc Lacasse (Stf), 24 saves from 31 shots - (0,774), L, 29-17-6, 60:00 minutes
Players Stats for Atomiques
Player Name G A P +/- PIM S H SB GA TA FO MP PP MP PK MP
------------------------------------------------------------------------------------
Alex Berry 1 1 2 3 0 4 1 0 0 0 0/0 11:39 0:03 0:43
Alexander Sulzer 1 2 3 1 0 4 2 1 0 0 0/0 26:46 2:52 3:10
Andrew Kozek 0 1 1 3 0 0 3 2 0 0 0/0 13:04 0:03 1:10
Anthony Nigro 0 0 0 0 0 0 1 0 0 0 1/1 6:47 0:00 0:00
Brad Winchester 0 1 1 0 0 1 0 0 0 0 3/8 22:52 2:36 2:46
Brett Connolly 0 0 0 0 0 0 2 0 1 0 0/0 6:47 0:00 0:00
Brett Sutter 2 1 3 3 2 5 1 0 1 0 2/6 12:23 0:03 0:31
Clayton Stoner 0 1 1 1 0 0 2 0 0 1 0/0 21:14 1:49 1:39
Davis Drewiske 1 0 1 1 0 3 2 1 0 0 0/0 21:14 1:49 1:39
John McCarthy 0 1 1 0 0 1 1 1 0 0 1/1 8:39 0:00 0:56
Kenndal McArdle 0 1 1 0 0 2 1 2 0 0 1/3 17:15 2:02 1:33
Kyle Wharton 0 0 0 1 0 0 0 1 0 0 0/0 12:00 0:00 0:43
Marc-André Cliche 0 0 0 0 0 5 2 0 1 1 3/11 15:08 2:02 0:00
Nick Johnson 1 0 1 0 0 3 0 0 2 0 0/0 15:08 2:02 0:00
Scott Jackson 0 1 1 1 0 0 1 2 0 1 0/0 13:55 0:00 2:38
Shawn Belle 1 0 1 1 5 1 1 0 0 1 0/0 24:52 2:52 0:32
Tyler Brenner 0 0 0 -1 2 0 2 1 0 0 5/28 20:01 2:35 1:25
Tyler Kennedy 0 1 1 0 0 2 4 3 0 1 0/0 22:48 2:36 2:43
Players Stats for Rafales
Player Name G A P +/- PIM S H SB GA TA FO MP PP MP PK MP
------------------------------------------------------------------------------------
Bruno Gervais 0 2 2 -1 0 3 1 1 0 0 0/0 25:55 3:41 2:53
Carl Klingberg 0 0 0 -1 0 1 1 0 0 0 1/1 8:56 0:14 1:00
Chris Terry 0 0 0 0 0 0 0 0 0 0 0/0 1:20 0:38 0:00
Cody McLeod 2 0 2 -1 0 9 3 1 0 0 4/6 21:51 2:48 2:38
Dan Fritsche 0 2 2 -2 4 2 1 0 0 0 21/26 20:40 2:48 0:47
Dmitry Kulikov 0 0 0 -1 0 0 3 1 0 1 0/0 18:19 1:23 1:48
Geoff Paukovich 0 0 0 0 0 0 0 0 0 0 0/0 3:04 0:50 0:20
James Marcou 0 0 0 0 0 0 0 0 0 0 0/0 0:00 0:00 0:00
Jayson Megna 0 0 0 -1 0 0 0 0 0 0 1/3 8:12 0:20 0:18
Jeff Skinner 1 0 1 -2 0 4 0 1 0 0 0/0 11:06 0:00 0:00
Johan Ryno 0 0 0 -1 0 4 0 0 0 0 0/0 8:26 0:52 0:00
Jonas Junland 0 0 0 0 0 1 0 0 0 1 0/0 10:52 0:00 0:00
Jonathan Rheault 0 1 1 -2 0 3 0 0 0 0 0/1 11:06 0:00 0:00
Julian Melchiori 0 0 0 0 0 0 0 0 0 0 0/0 0:41 0:41 0:00
Kevin Veilleux 0 0 0 1 2 0 0 0 0 0 7/10 13:59 1:46 0:00
Marc-André Gragnani 0 0 0 -1 0 1 0 0 0 0 0/0 4:54 0:28 0:00
Mark Fayne 0 0 0 -1 0 1 0 0 0 0 0/0 4:18 0:00 0:00
Matt Gilroy 0 0 0 0 0 3 0 0 0 0 0/0 10:52 0:00 0:00
Michael Bournival 0 0 0 1 0 0 0 0 0 0 0/0 2:21 0:02 1:52
Mike Sislo 0 1 1 1 0 0 2 0 1 1 0/0 15:22 1:44 0:58
Milan Bartovic 1 0 1 -2 2 7 1 1 0 1 3/4 21:55 2:50 1:29
Petr Kalus 0 0 0 -2 0 0 0 0 1 0 5/7 11:06 0:00 0:00
Ryan Ellis 0 0 0 -1 0 1 0 1 1 0 0/0 18:19 1:23 1:48
Tim Crowder 1 0 1 1 0 2 0 0 1 0 0/0 13:58 1:44 0:00
Willie Mitchell 0 2 2 -1 0 1 1 2 1 1 0/0 25:50 3:28 2:53
3 Stars
1 - Brett Sutter (STB)
2 - Alexander Sulzer (STB)
3 - Alex Berry (STB)
Power Play
Atomiques - 1 on 4 Attempt(s) - 25,00%
Rafales - 2 on 4 Attempt(s) - 50,00%
Penalty Kill
Atomiques - 2 on 4 Attempt(s) - 50,00%
- Score 1 goal in Penalty Kill
Rafales - 3 on 4 Attempt(s) - 75,00%
- Score 1 goal in Penalty Kill
Team Stat
Atomiques - Hits : 26 - Faceoff Wins : 16 - Blocked Shots : 14 - Penalty Minutes : 9
Rafales - Hits : 13 - Faceoff Wins : 42 - Blocked Shots : 8 - Penalty Minutes : 8
Official
Referees : StPierre Justin and Devorski Paul
Linesman : Brad Lazarowich and Mark Wheler
Game Notes
No Game Note
Finance
Level 1 -- Attendance: 1428 (71,40%) -- Ticket Income 49 980 $
Level 2 -- Attendance: 709 (70,90%) -- Ticket Income 10 635 $
Total Attendance: 2137 (71,23%)
Total Ticket Income: 60 615 $
Other Income: 3 031 $
Total Income: 63 646 $
Atomiques
5 vs 5 Forward
Center Left Wing Right Wing Time % Phy DF OF
1 Tyler Brenner Brad Winchester Tyler Kennedy 40 1 2 2
2 Marc-André Cliche Kenndal McArdle Nick Johnson 30 1 2 2
3 Brett Sutter Andrew Kozek Alex Berry 20 1 2 2
4 Anthony Nigro John McCarthy Brett Connolly 10 1 2 2
5 vs 5 Defense
Defense Defense Time % Phy DF OF
1 Alexander Sulzer Shawn Belle 40 1 2 2
2 Davis Drewiske Clayton Stoner 30 1 2 2
3 Kyle Wharton Scott Jackson 20 1 2 2
4 Alexander Sulzer Shawn Belle 10 1 2 2
PowerPlay Forward
Center Left Wing Right Wing Time % Phy DF OF
1 Tyler Brenner Brad Winchester Tyler Kennedy 60 1 2 2
2 Marc-André Cliche Kenndal McArdle Nick Johnson 40 1 2 2
PowerPlay Defense
Defense Defense Time % Phy DF OF
1 Alexander Sulzer Shawn Belle 60 1 2 2
2 Davis Drewiske Clayton Stoner 40 1 2 2
Penalty Kill 4 Players Forward
Center Wing Time % Phy DF OF
1 Brad Winchester Tyler Kennedy 60 1 2 2
2 Tyler Brenner Kenndal McArdle 40 1 2 2
Penalty Kill 4 Players Defense
Defense Defense Time % Phy DF OF
1 Alexander Sulzer Shawn Belle 60 1 2 2
2 Davis Drewiske Clayton Stoner 40 1 2 2
Penalty Kill - 3 Players Forward
Forward Time % Phy DF OF
1 Brad Winchester 60 1 2 2
2 Tyler Kennedy 40 1 2 2
Penalty Kill - 3 Players Defense
Defense Defense Time % Phy DF OF
1 Alexander Sulzer Shawn Belle 60 1 2 2
2 Davis Drewiske Clayton Stoner 40 1 2 2
4 vs 4 Forward
Center Wing Time % Phy DF OF
1 Brad Winchester Tyler Kennedy 60 1 2 2
2 Tyler Brenner Kenndal McArdle 40 1 2 2
4 vs 4 Defense
Defense Defense Time % Phy DF OF
1 Alexander Sulzer Shawn Belle 60 1 2 2
2 Davis Drewiske Clayton Stoner 40 1 2 2
Last Minutes Offensive
Center Left Wing Right Wing Defense Defense
Tyler Brenner Brad Winchester Tyler Kennedy Alexander Sulzer Shawn Belle
Last Minutes Defensive
Center Left Wing Right Wing Defense Defense
Tyler Brenner Brad Winchester Tyler Kennedy Alexander Sulzer Shawn Belle
Goaltenders
Starting : Sergei Bobrovsky
Backup : Alex Auld
Extra Forwards
Normal : Andrew Kozek, Brett Sutter, John McCarthy - PP : Andrew Kozek, Brett Sutter - PK : John McCarthy
Extra Defensemen
Normal : Kyle Wharton, Scott Jackson, Davis Drewiske - PP : Kyle Wharton - PK : Scott Jackson, Davis Drewiske
Penalty Shots
Brad Winchester, Tyler Kennedy, Tyler Brenner, Kenndal McArdle, Nick Johnson
Rafales
5 vs 5 Forward
Center Left Wing Right Wing Time % Phy DF OF
1 Dan Fritsche Cody McLeod Milan Bartovic 40 1 2 2
2 Kevin Veilleux Mike Sislo Tim Crowder 30 1 2 2
3 Petr Kalus Jeff Skinner Jonathan Rheault 20 1 2 2
4 Jayson Megna Carl Klingberg Johan Ryno 10 1 2 2
5 vs 5 Defense
Defense Defense Time % Phy DF OF
1 Willie Mitchell Bruno Gervais 40 1 2 2
2 Ryan Ellis Dmitry Kulikov 30 1 2 2
3 Matt Gilroy Jonas Junland 20 1 2 2
4 Marc-André Gragnani Mark Fayne 10 1 2 2
PowerPlay Forward
Center Left Wing Right Wing Time % Phy DF OF
1 Dan Fritsche Cody McLeod Milan Bartovic 60 1 2 2
2 Kevin Veilleux Mike Sislo Tim Crowder 40 1 2 2
PowerPlay Defense
Defense Defense Time % Phy DF OF
1 Willie Mitchell Bruno Gervais 60 1 2 2
2 Ryan Ellis Dmitry Kulikov 40 1 2 2
Penalty Kill 4 Players Forward
Center Wing Time % Phy DF OF
1 Cody McLeod Milan Bartovic 60 1 2 2
2 Dan Fritsche Mike Sislo 40 1 2 2
Penalty Kill 4 Players Defense
Defense Defense Time % Phy DF OF
1 Willie Mitchell Bruno Gervais 60 1 2 2
2 Ryan Ellis Dmitry Kulikov 40 1 2 2
Penalty Kill - 3 Players Forward
Forward Time % Phy DF OF
1 Cody McLeod 60 1 2 2
2 Milan Bartovic 40 1 2 2
Penalty Kill - 3 Players Defense
Defense Defense Time % Phy DF OF
1 Willie Mitchell Bruno Gervais 60 1 2 2
2 Ryan Ellis Dmitry Kulikov 40 1 2 2
4 vs 4 Forward
Center Wing Time % Phy DF OF
1 Cody McLeod Milan Bartovic 60 1 2 2
2 Dan Fritsche Mike Sislo 40 1 2 2
4 vs 4 Defense
Defense Defense Time % Phy DF OF
1 Willie Mitchell Bruno Gervais 60 1 2 2
2 Ryan Ellis Dmitry Kulikov 40 1 2 2
Last Minutes Offensive
Center Left Wing Right Wing Defense Defense
Dan Fritsche Cody McLeod Milan Bartovic Willie Mitchell Bruno Gervais
Last Minutes Defensive
Center Left Wing Right Wing Defense Defense
Dan Fritsche Cody McLeod Milan Bartovic Willie Mitchell Bruno Gervais
Goaltenders
Starting : Loïc Lacasse
Backup : Eddie Lack
Extra Forwards
Normal : Geoff Paukovich, Chris Terry, Michael Bournival - PP : Geoff Paukovich, Chris Terry - PK : Michael Bournival
Extra Defensemen
Normal : Julian Melchiori, Matt Gilroy, Jonas Junland - PP : Julian Melchiori - PK : Matt Gilroy, Jonas Junland
Penalty Shots
Cody McLeod, Milan Bartovic, Dan Fritsche, Mike Sislo, Tim Crowder
% Time on Ice - Atomiques
Lines # - Real PCT - Wanted PCT - Time Play
Normal Forward
1 - 35% - 40% - 16:54
2 - 28% - 30% - 13:36
3 - 22% - 20% - 10:37
4 - 14% - 10% - 6:47
Normal Defense
1 - 41% - 40% - 19:44
2 - 32% - 30% - 15:15
3 - 24% - 20% - 11:17
4 - 3% - 10% - 1:38
PP Forward
1 - 56% - 60% - 2:36
2 - 44% - 40% - 2:05
PP Defense
1 - 61% - 60% - 2:52
2 - 39% - 40% - 1:49
PK Forward
1 - 73% - 60% - 4:02
2 - 27% - 40% - 1:30
PK Defense
1 - 81% - 60% - 4:28
2 - 19% - 40% - 1:04
PK3 Forward
1 - 0% - 60%
2 - 0% - 40%
PK3 Defense
1 - 0% - 60%
2 - 0% - 40%
44 Forward
1 - 82% - 60% - 1:33
2 - 18% - 40% - 0:20
44 Defense
1 - 30% - 60% - 0:34
2 - 70% - 40% - 1:19
Last Minute Offensive - 0:00
Last Minute Defensive - 0:00
Total
Forward - 60:00
Defense - 60:00
|
% Time on Ice - Rafales
Lines # - Real PCT - Wanted PCT - Time Play
Normal Forward
1 - 35% - 40% - 17:00
2 - 26% - 30% - 12:14
3 - 23% - 20% - 11:06
4 - 16% - 10% - 7:34
Normal Defense
1 - 38% - 40% - 18:17
2 - 30% - 30% - 14:27
3 - 23% - 20% - 10:52
4 - 9% - 10% - 4:18
PP Forward
1 - 65% - 60% - 3:36
2 - 35% - 40% - 1:56
PP Defense
1 - 75% - 60% - 4:09
2 - 25% - 40% - 1:23
PK Forward
1 - 79% - 60% - 3:43
2 - 21% - 40% - 0:58
PK Defense
1 - 62% - 60% - 2:53
2 - 38% - 40% - 1:48
PK3 Forward
1 - 0% - 60%
2 - 0% - 40%
PK3 Defense
1 - 0% - 60%
2 - 0% - 40%
44 Forward
1 - 77% - 60% - 1:27
2 - 23% - 40% - 0:26
44 Defense
1 - 64% - 60% - 1:12
2 - 36% - 40% - 0:41
Last Minute Offensive - 0:00
Last Minute Defensive - 0:00
Total
Forward - 60:00
Defense - 60:00
|
Play by Play
1st period
0:01 of 1st period - Dan Fritsche wins face-off versus Tyler Brenner in neutral zone.
0:08 of 1st period - Tyler Kennedy is hit by Cody McLeod.
0:53 of 1st period - Kevin Veilleux is hit by Davis Drewiske and loses puck.
1:25 of 1st period - Snap shot by Jeff Skinner.
1:25 of 1st period - Shot Misses the Net.
1:35 of 1st period - Matt Gilroy is hit by Kenndal McArdle and loses puck.
4:15 of 1st period - Wrist shot by Johan Ryno.
4:15 of 1st period - Stopped by Sergei Bobrovsky with a rebound.
4:17 of 1st period - Slapshot by Matt Gilroy.
4:17 of 1st period - Stopped by Sergei Bobrovsky with a rebound.
4:19 of 1st period - Slapshot by Jonas Junland.
4:19 of 1st period - Shot Blocked by Scott Jackson.
4:21 of 1st period - Snap shot by Jayson Megna.
4:21 of 1st period - Shot Blocked by Kyle Wharton.
5:58 of 1st period - Wrist shot by Nick Johnson.
5:58 of 1st period - Shot Misses the Net.
6:10 of 1st period - Slapshot by Cody McLeod.
6:10 of 1st period - Stopped by Sergei Bobrovsky without a rebound.
6:11 of 1st period - Dan Fritsche wins face-off versus Brett Sutter in Atomiques zone.
6:18 of 1st period - Wrist shot by Cody McLeod.
6:18 of 1st period - Stopped by Sergei Bobrovsky with a rebound.
6:20 of 1st period - Wrist shot by Milan Bartovic.
6:20 of 1st period - Stopped by Sergei Bobrovsky without a rebound.
6:21 of 1st period - Milan Bartovic wins face-off versus Tyler Brenner in Atomiques zone.
6:26 of 1st period - Snap shot by Cody McLeod.
6:26 of 1st period - Shot Blocked by Tyler Kennedy.
6:28 of 1st period - Slapshot by Bruno Gervais.
6:28 of 1st period - Stopped by Sergei Bobrovsky with a rebound.
6:35 of 1st period - Off-side.
6:36 of 1st period - Kevin Veilleux wins face-off versus Marc-André Cliche in neutral zone.
7:11 of 1st period - Brad Winchester is hit by Milan Bartovic and loses puck.
7:24 of 1st period - Shawn Belle is hit by Dmitry Kulikov.
7:34 of 1st period - Wrist shot by Alex Berry.
7:34 of 1st period - Shot Misses the Net.
7:46 of 1st period - Carl Klingberg is hit by Brett Connolly and loses puck.
8:17 of 1st period - Snap shot by Brad Winchester.
8:17 of 1st period - Stopped by Loïc Lacasse without a rebound.
8:18 of 1st period - Marc-André Cliche wins face-off versus Dan Fritsche in Rafales zone.
8:23 of 1st period - Wrist shot by Nick Johnson.
8:23 of 1st period - Deflect By Kenndal McArdle.
8:23 of 1st period - Stopped by Loïc Lacasse with a rebound.
9:10 of 1st period - Slapshot by Alex Berry.
9:10 of 1st period - Stopped by Loïc Lacasse with a rebound.
9:12 of 1st period - Backhand shot by Alexander Sulzer.
9:12 of 1st period - Stopped by Loïc Lacasse with a rebound.
9:48 of 1st period - Slapshot by Nick Johnson.
9:48 of 1st period - Stopped by Loïc Lacasse with a rebound.
9:50 of 1st period - Snap shot by Marc-André Cliche.
9:50 of 1st period - Stopped by Loïc Lacasse with a rebound.
9:56 of 1st period - Slapshot by Kenndal McArdle.
9:56 of 1st period - Deflect By Nick Johnson.
9:56 of 1st period - Stopped by Loïc Lacasse without a rebound.
9:57 of 1st period - Petr Kalus wins face-off versus Tyler Brenner in Rafales zone.
9:57 of 1st period - Petr Kalus is hit by Tyler Brenner.
10:46 of 1st period - Cody McLeod is hit by Alexander Sulzer and loses puck.
10:53 of 1st period - Alexander Sulzer is hit by Cody McLeod and loses puck.
11:12 of 1st period - Slapshot by Ryan Ellis.
11:12 of 1st period - Stopped by Sergei Bobrovsky without a rebound.
11:13 of 1st period - Carl Klingberg wins face-off versus Kenndal McArdle in Atomiques zone.
11:20 of 1st period - Wrist shot by Marc-André Cliche.
11:20 of 1st period - Stopped by Loïc Lacasse without a rebound.
11:21 of 1st period - Dan Fritsche wins face-off versus Marc-André Cliche in Rafales zone.
11:34 of 1st period - Willie Mitchell is hit by Marc-André Cliche and loses puck.
12:36 of 1st period - Jeff Skinner is hit by Brett Connolly.
12:48 of 1st period - Snap shot by Dan Fritsche.
12:48 of 1st period - Deflect By Davis Drewiske.
12:48 of 1st period - Shot Blocked by Davis Drewiske.
12:48 of 1st period - Puck is out of play.
12:49 of 1st period - Dan Fritsche wins face-off versus Marc-André Cliche in Atomiques zone.
12:50 of 1st period - Snap shot by Cody McLeod.
12:50 of 1st period - Stopped by Sergei Bobrovsky with a rebound.
12:52 of 1st period - Wrist shot by Milan Bartovic.
12:52 of 1st period - Stopped by Sergei Bobrovsky without a rebound.
12:53 of 1st period - Dan Fritsche wins face-off versus Tyler Brenner in Atomiques zone.
13:00 of 1st period - Snap shot by Milan Bartovic.
13:00 of 1st period - Stopped by Sergei Bobrovsky without a rebound.
13:01 of 1st period - Dan Fritsche wins face-off versus Tyler Brenner in Atomiques zone.
13:04 of 1st period - Slapshot by Milan Bartovic.
13:04 of 1st period - Stopped by Sergei Bobrovsky without a rebound.
13:05 of 1st period - Kevin Veilleux wins face-off versus Tyler Brenner in Atomiques zone.
13:16 of 1st period - Slapshot by Bruno Gervais.
13:16 of 1st period - Shot Misses the Net.
13:42 of 1st period - Minor Penalty to Milan Bartovic for Interference.
13:43 of 1st period - Cody McLeod wins face-off versus Tyler Brenner in Rafales zone.
13:54 of 1st period - Snap shot by Cody McLeod.
13:54 of 1st period - Goal by Cody McLeod - Atomiques : 0 - Rafales : 1.
13:55 of 1st period - Cody McLeod wins face-off versus Tyler Brenner in neutral zone.
13:58 of 1st period - Shawn Belle is hit by Bruno Gervais and loses puck.
14:20 of 1st period - Marc-André Cliche is hit by Willie Mitchell.
15:42 of 1st period - Penalty to Milan Bartovic is over, Milan Bartovic is back on ice.
16:26 of 1st period - Slapshot by Alex Berry.
16:26 of 1st period - Stopped by Loïc Lacasse with a rebound.
16:45 of 1st period - Wrist shot by Brett Sutter.
16:45 of 1st period - Stopped by Loïc Lacasse without a rebound.
16:46 of 1st period - Tyler Brenner wins face-off versus Kevin Veilleux in Rafales zone.
17:11 of 1st period - Mike Sislo is hit by John McCarthy and loses puck.
18:06 of 1st period - Icing by Jeff Skinner.
18:07 of 1st period - Marc-André Cliche wins face-off versus Petr Kalus in Rafales zone.
18:08 of 1st period - Wrist shot by Nick Johnson.
18:08 of 1st period - Shot Misses the Net.
18:38 of 1st period - Wrist shot by Jeff Skinner.
18:38 of 1st period - Shot Blocked by Tyler Kennedy.
18:40 of 1st period - Slapshot by Jonas Junland.
18:40 of 1st period - Stopped by Sergei Bobrovsky with a rebound.
18:42 of 1st period - Slapshot by Matt Gilroy.
18:42 of 1st period - Stopped by Sergei Bobrovsky without a rebound.
18:43 of 1st period - Jayson Megna wins face-off versus Marc-André Cliche in Atomiques zone.
18:48 of 1st period - Wrist shot by Carl Klingberg.
18:48 of 1st period - Stopped by Sergei Bobrovsky with a rebound.
18:50 of 1st period - Slapshot by Bruno Gervais.
18:50 of 1st period - Shot Misses the Net.
18:52 of 1st period - Backhand shot by Carl Klingberg.
18:52 of 1st period - Shot Misses the Net.
18:54 of 1st period - Slapshot by Willie Mitchell.
18:54 of 1st period - Stopped by Sergei Bobrovsky without a rebound.
18:55 of 1st period - Tyler Brenner wins face-off versus Dan Fritsche in Atomiques zone.
18:55 of 1st period - Tyler Brenner is hit by Dan Fritsche.
19:02 of 1st period - Major Penalty to Shawn Belle for Boarding.
19:03 of 1st period - Dan Fritsche wins face-off versus Brad Winchester in Atomiques zone.
Goals for this period are 0 for Atomiques vs 1 for Rafales.
Shots for this period are 10 for Atomiques vs 16 for Rafales.
2nd period
0:01 of 2nd period - Milan Bartovic wins face-off versus Brad Winchester in neutral zone.
0:06 of 2nd period - Slapshot by Dan Fritsche.
0:06 of 2nd period - Stopped by Sergei Bobrovsky with a rebound.
0:08 of 2nd period - Backhand shot by Willie Mitchell.
0:08 of 2nd period - Deflect By Cody McLeod.
0:08 of 2nd period - Goal by Cody McLeod - Atomiques : 0 - Rafales : 2.
0:09 of 2nd period - Brad Winchester wins face-off versus Dan Fritsche in neutral zone.
0:48 of 2nd period - Snap shot by Tim Crowder.
0:48 of 2nd period - Stopped by Sergei Bobrovsky with a rebound.
4:02 of 2nd period - Penalty to Shawn Belle is over, Shawn Belle is back on ice.
4:03 of 2nd period - Willie Mitchell is hit by Tyler Kennedy and loses puck.
4:24 of 2nd period - Snap shot by Jeff Skinner.
4:24 of 2nd period - Stopped by Sergei Bobrovsky with a rebound.
4:40 of 2nd period - Slapshot by Tyler Kennedy.
4:40 of 2nd period - Stopped by Loïc Lacasse with a rebound.
5:01 of 2nd period - Icing by Davis Drewiske.
5:02 of 2nd period - Anthony Nigro wins face-off versus Petr Kalus in Atomiques zone.
5:13 of 2nd period - Slapshot by Davis Drewiske.
5:13 of 2nd period - Stopped by Loïc Lacasse without a rebound.
5:14 of 2nd period - Dan Fritsche wins face-off versus Marc-André Cliche in Rafales zone.
5:29 of 2nd period - Backhand shot by Milan Bartovic.
5:29 of 2nd period - Stopped by Sergei Bobrovsky with a rebound.
5:41 of 2nd period - Snap shot by Johan Ryno.
5:41 of 2nd period - Stopped by Sergei Bobrovsky without a rebound.
5:42 of 2nd period - Brett Sutter wins face-off versus Jayson Megna in Atomiques zone.
5:53 of 2nd period - Snap shot by Alex Berry.
5:53 of 2nd period - Deflect By Brett Sutter.
5:53 of 2nd period - Stopped by Loïc Lacasse with a rebound.
6:02 of 2nd period - Minor Penalty to Brett Sutter for Roughing.
6:03 of 2nd period - Dan Fritsche wins face-off versus Brad Winchester in Atomiques zone.
6:10 of 2nd period - Slapshot by Alexander Sulzer.
6:10 of 2nd period - Deflect By Cody McLeod.
6:10 of 2nd period - Goal by Alexander Sulzer - Atomiques : 1 - Rafales : 2.
6:11 of 2nd period - Brad Winchester wins face-off versus Milan Bartovic in neutral zone.
6:21 of 2nd period - Icing by Willie Mitchell.
6:22 of 2nd period - Milan Bartovic wins face-off versus Brad Winchester in Rafales zone.
6:29 of 2nd period - Wrist shot by Milan Bartovic.
6:29 of 2nd period - Goal by Milan Bartovic - Atomiques : 1 - Rafales : 3.
6:30 of 2nd period - Dan Fritsche wins face-off versus Tyler Brenner in neutral zone.
6:47 of 2nd period - Cody McLeod is hit by Tyler Brenner and loses puck.
8:25 of 2nd period - Dmitry Kulikov is hit by Andrew Kozek and loses puck.
8:40 of 2nd period - Slapshot by Ryan Ellis.
8:40 of 2nd period - Shot Misses the Net.
8:42 of 2nd period - Slapshot by Milan Bartovic.
8:42 of 2nd period - Shot Blocked by Andrew Kozek.
8:46 of 2nd period - Snap shot by Cody McLeod.
8:46 of 2nd period - Stopped by Sergei Bobrovsky without a rebound.
8:47 of 2nd period - Kevin Veilleux wins face-off versus Tyler Brenner in Atomiques zone.
8:50 of 2nd period - Snap shot by Kevin Veilleux.
8:50 of 2nd period - Shot Hit the Post.
8:52 of 2nd period - Slapshot by Willie Mitchell.
8:52 of 2nd period - Shot Blocked by Tyler Kennedy.
8:54 of 2nd period - Wrist shot by Mike Sislo.
8:54 of 2nd period - Shot Misses the Net.
8:56 of 2nd period - Snap shot by Tim Crowder.
8:56 of 2nd period - Goal by Tim Crowder - Atomiques : 1 - Rafales : 4.
8:57 of 2nd period - Dan Fritsche wins face-off versus Tyler Brenner in neutral zone.
9:10 of 2nd period - Slapshot by Alexander Sulzer.
9:10 of 2nd period - Stopped by Loïc Lacasse without a rebound.
9:11 of 2nd period - Kevin Veilleux wins face-off versus Tyler Brenner in Rafales zone.
9:37 of 2nd period - Cody McLeod is hit by Alexander Sulzer and loses puck.
10:09 of 2nd period - Wrist shot by Jeff Skinner.
10:09 of 2nd period - Goal by Jeff Skinner - Atomiques : 1 - Rafales : 5.
10:10 of 2nd period - Dan Fritsche wins face-off versus Tyler Brenner in neutral zone.
10:35 of 2nd period - Shawn Belle is hit by Dmitry Kulikov and loses puck.
10:54 of 2nd period - Wrist shot by Tyler Kennedy.
10:54 of 2nd period - Deflect By Tyler Brenner.
10:54 of 2nd period - Shot Blocked by Ryan Ellis.
10:54 of 2nd period - Puck is out of play.
10:55 of 2nd period - Marc-André Cliche wins face-off versus Kevin Veilleux in Rafales zone.
10:56 of 2nd period - Snap shot by Kenndal McArdle.
10:56 of 2nd period - Shot Misses the Net.
11:26 of 2nd period - Dan Fritsche is hit by Andrew Kozek and loses puck.
11:45 of 2nd period - Slapshot by Jonathan Rheault.
11:45 of 2nd period - Stopped by Sergei Bobrovsky with a rebound.
11:47 of 2nd period - Slapshot by Marc-André Gragnani.
11:47 of 2nd period - Shot Blocked by John McCarthy.
11:49 of 2nd period - Slapshot by Mark Fayne.
11:49 of 2nd period - Stopped by Sergei Bobrovsky with a rebound.
12:05 of 2nd period - Slapshot by Willie Mitchell.
12:05 of 2nd period - Shot Blocked by Kenndal McArdle.
12:07 of 2nd period - Snap shot by Bruno Gervais.
12:07 of 2nd period - Deflect By Johan Ryno.
12:07 of 2nd period - Stopped by Sergei Bobrovsky with a rebound.
12:09 of 2nd period - Slapshot by Bruno Gervais.
12:09 of 2nd period - Stopped by Sergei Bobrovsky with a rebound.
13:27 of 2nd period - Wrist shot by Johan Ryno.
13:27 of 2nd period - Shot Misses the Net.
13:29 of 2nd period - Backhand shot by Matt Gilroy.
13:29 of 2nd period - Stopped by Sergei Bobrovsky without a rebound.
13:30 of 2nd period - Tyler Brenner wins face-off versus Dan Fritsche in Atomiques zone.
13:48 of 2nd period - Minor Penalty to Dan Fritsche for Holding.
13:49 of 2nd period - Tyler Brenner wins face-off versus Cody McLeod in Rafales zone.
15:48 of 2nd period - Penalty to Dan Fritsche is over, Dan Fritsche is back on ice.
16:10 of 2nd period - Snap shot by Shawn Belle.
16:10 of 2nd period - Goal by Shawn Belle - Atomiques : 2 - Rafales : 5.
16:11 of 2nd period - Dan Fritsche wins face-off versus Marc-André Cliche in neutral zone.
16:24 of 2nd period - Wrist shot by Dan Fritsche.
16:24 of 2nd period - Stopped by Sergei Bobrovsky with a rebound.
17:00 of 2nd period - Petr Kalus is hit by Alex Berry and loses puck.
17:05 of 2nd period - Snap shot by Brett Sutter.
17:05 of 2nd period - Shot Blocked by Jeff Skinner.
17:07 of 2nd period - Snap shot by Andrew Kozek.
17:07 of 2nd period - Shot Misses the Net.
17:17 of 2nd period - Anthony Nigro is hit by Cody McLeod and loses puck.
17:41 of 2nd period - Jayson Megna is hit by Clayton Stoner and loses puck.
17:48 of 2nd period - Snap shot by Kenndal McArdle.
17:48 of 2nd period - Stopped by Loïc Lacasse with a rebound.
18:26 of 2nd period - Snap shot by Brett Sutter.
18:26 of 2nd period - Goal by Brett Sutter - Atomiques : 3 - Rafales : 5.
18:27 of 2nd period - Dan Fritsche wins face-off versus Tyler Brenner in neutral zone.
18:45 of 2nd period - Minor Penalty to Dan Fritsche for Holding.
18:46 of 2nd period - Tyler Brenner wins face-off versus Cody McLeod in Rafales zone.
18:46 of 2nd period - Slapshot by Brad Winchester.
18:46 of 2nd period - Shot Misses the Net.
19:20 of 2nd period - Wrist shot by Kenndal McArdle.
19:20 of 2nd period - Shot Misses the Net.
19:22 of 2nd period - Snap shot by Nick Johnson.
19:22 of 2nd period - Goal by Nick Johnson - Atomiques : 4 - Rafales : 5.
19:23 of 2nd period - Dan Fritsche wins face-off versus Tyler Brenner in neutral zone.
Goals for this period are 4 for Atomiques vs 4 for Rafales.
Shots for this period are 9 for Atomiques vs 16 for Rafales.
3rd period
0:01 of 3rd period - Dan Fritsche wins face-off versus Tyler Brenner in neutral zone.
0:32 of 3rd period - Snap shot by Marc-André Cliche.
0:32 of 3rd period - Stopped by Loïc Lacasse with a rebound.
0:34 of 3rd period - Wrist shot by Alexander Sulzer.
0:34 of 3rd period - Shot Blocked by Bruno Gervais.
0:36 of 3rd period - Wrist shot by Marc-André Cliche.
0:36 of 3rd period - Stopped by Loïc Lacasse without a rebound.
0:37 of 3rd period - Kenndal McArdle wins face-off versus Kevin Veilleux in Rafales zone.
0:37 of 3rd period - Kenndal McArdle is hit by Mike Sislo.
0:39 of 3rd period - Slapshot by Alexander Sulzer.
0:39 of 3rd period - Deflect By Marc-André Cliche.
0:39 of 3rd period - Stopped by Loïc Lacasse without a rebound.
0:40 of 3rd period - Kevin Veilleux wins face-off versus Tyler Brenner in Rafales zone.
0:40 of 3rd period - Kevin Veilleux is hit by Tyler Kennedy.
0:48 of 3rd period - Wrist shot by Tyler Brenner.
0:48 of 3rd period - Shot Misses the Net.
1:02 of 3rd period - Minor Penalty to Kevin Veilleux for Tripping.
1:03 of 3rd period - Cody McLeod wins face-off versus Tyler Brenner in Rafales zone.
1:03 of 3rd period - Cody McLeod is hit by Shawn Belle.
1:08 of 3rd period - Minor Penalty to Tyler Brenner for Hooking.
1:09 of 3rd period - Cody McLeod wins face-off versus Brad Winchester in Atomiques zone.
1:09 of 3rd period - Snap shot by Milan Bartovic.
1:09 of 3rd period - Stopped by Sergei Bobrovsky with a rebound.
2:01 of 3rd period - Mike Sislo is hit by Clayton Stoner and loses puck.
2:32 of 3rd period - Snap shot by John McCarthy.
2:32 of 3rd period - Stopped by Loïc Lacasse with a rebound.
3:02 of 3rd period - Penalty to Kevin Veilleux is over, Kevin Veilleux is back on ice.
3:08 of 3rd period - Penalty to Tyler Brenner is over, Tyler Brenner is back on ice.
3:45 of 3rd period - Kyle Wharton is hit by Carl Klingberg and loses puck.
4:13 of 3rd period - Kevin Veilleux is hit by Brett Sutter and loses puck.
4:23 of 3rd period - Icing by Dmitry Kulikov.
4:24 of 3rd period - Dan Fritsche wins face-off versus Tyler Brenner in Rafales zone.
4:32 of 3rd period - Icing by Tyler Kennedy.
4:33 of 3rd period - Brad Winchester wins face-off versus Dan Fritsche in Atomiques zone.
4:46 of 3rd period - Snap shot by Cody McLeod.
4:46 of 3rd period - Shot Misses the Net.
4:58 of 3rd period - Alexander Sulzer is hit by Mike Sislo and loses puck.
5:51 of 3rd period - Snap shot by Alex Berry.
5:51 of 3rd period - Shot Blocked by Dmitry Kulikov.
5:53 of 3rd period - Snap shot by Alex Berry.
5:53 of 3rd period - Goal by Alex Berry - Atomiques : 5 - Rafales : 5.
5:54 of 3rd period - Dan Fritsche wins face-off versus Tyler Brenner in neutral zone.
7:10 of 3rd period - Slapshot by Davis Drewiske.
7:10 of 3rd period - Shot Blocked by Cody McLeod.
7:52 of 3rd period - Slapshot by Davis Drewiske.
7:52 of 3rd period - Shot Blocked by Willie Mitchell.
7:54 of 3rd period - Slapshot by Davis Drewiske.
7:54 of 3rd period - Stopped by Loïc Lacasse with a rebound.
7:56 of 3rd period - Wrist shot by Brett Sutter.
7:56 of 3rd period - Stopped by Loïc Lacasse with a rebound.
8:35 of 3rd period - Dmitry Kulikov is hit by Anthony Nigro and loses puck.
9:10 of 3rd period - Milan Bartovic is hit by Andrew Kozek and loses puck.
9:25 of 3rd period - Ryan Ellis is hit by Marc-André Cliche.
9:41 of 3rd period - Wrist shot by Cody McLeod.
9:41 of 3rd period - Shot Blocked by Kenndal McArdle.
9:43 of 3rd period - Wrist shot by Cody McLeod.
9:43 of 3rd period - Stopped by Sergei Bobrovsky with a rebound.
9:45 of 3rd period - Snap shot by Milan Bartovic.
9:45 of 3rd period - Shot Blocked by Alexander Sulzer.
9:47 of 3rd period - Slapshot by Marc-André Gragnani.
9:47 of 3rd period - Stopped by Sergei Bobrovsky with a rebound.
10:01 of 3rd period - Slapshot by Kenndal McArdle.
10:01 of 3rd period - Deflect By Marc-André Cliche.
10:01 of 3rd period - Shot Misses the Net.
10:01 of 3rd period - Puck is out of play.
10:02 of 3rd period - Petr Kalus wins face-off versus Tyler Brenner in Rafales zone.
10:07 of 3rd period - Snap shot by Brad Winchester.
10:07 of 3rd period - Shot Blocked by Willie Mitchell.
10:09 of 3rd period - Slapshot by Davis Drewiske.
10:09 of 3rd period - Goal by Davis Drewiske - Atomiques : 6 - Rafales : 5.
10:10 of 3rd period - Kevin Veilleux wins face-off versus Tyler Brenner in neutral zone.
10:12 of 3rd period - Willie Mitchell is hit by Tyler Kennedy and loses puck.
10:25 of 3rd period - Slapshot by Tim Crowder.
10:25 of 3rd period - Shot Misses the Net.
10:47 of 3rd period - Slapshot by Dmitry Kulikov.
10:47 of 3rd period - Shot Blocked by Tyler Brenner.
10:59 of 3rd period - Snap shot by Kenndal McArdle.
10:59 of 3rd period - Shot Blocked by Milan Bartovic.
12:03 of 3rd period - Snap shot by Alex Berry.
12:03 of 3rd period - Stopped by Loïc Lacasse without a rebound.
12:04 of 3rd period - Dan Fritsche wins face-off versus Kenndal McArdle in Rafales zone.
12:48 of 3rd period - Off-side.
12:49 of 3rd period - John McCarthy wins face-off versus Jayson Megna in neutral zone.
13:16 of 3rd period - Wrist shot by Tyler Kennedy.
13:16 of 3rd period - Shot Misses the Net.
13:34 of 3rd period - Bruno Gervais is hit by Scott Jackson and loses puck.
13:58 of 3rd period - Wrist shot by Petr Kalus.
13:58 of 3rd period - Shot Blocked by Scott Jackson.
14:40 of 3rd period - Snap shot by Tyler Brenner.
14:40 of 3rd period - Shot Misses the Net.
15:02 of 3rd period - Wrist shot by John McCarthy.
15:02 of 3rd period - Shot Misses the Net.
15:04 of 3rd period - Snap shot by Shawn Belle.
15:04 of 3rd period - Shot Misses the Net.
15:25 of 3rd period - Bruno Gervais is hit by Davis Drewiske and loses puck.
15:48 of 3rd period - Slapshot by Johan Ryno.
15:48 of 3rd period - Stopped by Sergei Bobrovsky with a rebound.
16:10 of 3rd period - Ryan Ellis is hit by Tyler Kennedy.
17:10 of 3rd period - Slapshot by Bruno Gervais.
17:10 of 3rd period - Stopped by Sergei Bobrovsky without a rebound.
17:11 of 3rd period - Dan Fritsche wins face-off versus Marc-André Cliche in Atomiques zone.
17:12 of 3rd period - Snap shot by Cody McLeod.
17:12 of 3rd period - Stopped by Sergei Bobrovsky without a rebound.
17:13 of 3rd period - Dan Fritsche wins face-off versus Marc-André Cliche in Atomiques zone.
17:52 of 3rd period - Snap shot by Cody McLeod.
17:52 of 3rd period - Stopped by Sergei Bobrovsky without a rebound.
17:53 of 3rd period - Petr Kalus wins face-off versus Brett Sutter in Atomiques zone.
17:58 of 3rd period - Snap shot by Jonathan Rheault.
17:58 of 3rd period - Stopped by Sergei Bobrovsky with a rebound.
18:00 of 3rd period - Wrist shot by Jeff Skinner.
18:00 of 3rd period - Stopped by Sergei Bobrovsky with a rebound.
18:06 of 3rd period - Snap shot by Jonathan Rheault.
18:06 of 3rd period - Stopped by Sergei Bobrovsky with a rebound.
18:08 of 3rd period - Snap shot by Jeff Skinner.
18:08 of 3rd period - Stopped by Sergei Bobrovsky without a rebound.
18:09 of 3rd period - Kevin Veilleux wins face-off versus Tyler Brenner in Atomiques zone.
18:20 of 3rd period - Slapshot by Tyler Kennedy.
18:20 of 3rd period - Stopped by Loïc Lacasse without a rebound.
18:21 of 3rd period - Petr Kalus wins face-off versus Brett Sutter in Rafales zone.
18:36 of 3rd period - Slapshot by Brett Sutter.
18:36 of 3rd period - Goal by Brett Sutter - Atomiques : 7 - Rafales : 5.
18:37 of 3rd period - Brett Sutter wins face-off versus Jonathan Rheault in neutral zone.
18:40 of 3rd period - Backhand shot by Alexander Sulzer.
18:40 of 3rd period - Stopped by Loïc Lacasse without a rebound.
18:41 of 3rd period - Petr Kalus wins face-off versus Brett Sutter in Rafales zone.
19:08 of 3rd period - Snap shot by Shawn Belle.
19:08 of 3rd period - Shot Misses the Net.
19:44 of 3rd period - John McCarthy is hit by Dmitry Kulikov and loses puck.
19:55 of 3rd period - Slapshot by Mark Fayne.
19:55 of 3rd period - Shot Blocked by Andrew Kozek.
Goals for this period are 3 for Atomiques vs 0 for Rafales.
Shots for this period are 12 for Atomiques vs 11 for Rafales.
Back to the Top